 Dungeon Crawl Stone Soup version 0.25-a0-292-gaa31f046c4 (webtiles) character file.

Game seed: 12654254279174169036, levelgen mode: deterministic

91 Luthien the Conjurer (level 4, -10/24 HPs)
             Began as a Deep Elf Conjurer on Dec 15, 2019.
             Killed by divine providence
             ... invoked by an orc priest
              (14 damage)
             ... on level 2 of the Dungeon.
             The game lasted 00:03:17 (1632 turns).

Luthien the Conjurer (Deep Elf Conjurer)            Turns: 1632, Time: 00:03:20

Health: -10/24     AC:  2    Str:  5    XL:     4   Next: 34%
Magic:  9/12       EV: 14    Int: 21    God:
Gold:   44         SH:  0    Dex: 15    Spells: 8/11 levels left

rFire    x . .     SeeInvis .   d - +0 dagger
rCold    + . .     Gourm    .   (no shield)
rNeg     . . .     Faith    .   a - +0 robe
rPois    .         Spirit   .   (no helmet)
rElec    .         Reflect  .   (no cloak)
rCorr    .         Harm     .   (no gloves)
MR       .....     Rnd*Tele +   (no boots)
Stlth    ++........             (no amulet)
HPRegen  0.08/turn              f - ring of ice
MPRegen  0.13/turn              l - ring of teleportation (curse)

@: no status effects
A: no striking features
a: no special abilities


You were on level 2 of the Dungeon.
You were not hungry.

You visited 1 branch of the dungeon, and saw 3 of its levels.

You collected 44 gold pieces.

Inventory:

Hand Weapons
 d - a +0 dagger (weapon)
Missiles
 e - 15 poisoned darts (quivered)
Armour
 a - a +0 robe (worn)
Jewellery
 f - a ring of ice (left hand)
 l - a cursed ring of teleportation (right hand)
Scrolls
 g - 2 scrolls of remove curse {unknown}
 h - a scroll of identify {unknown}
 j - a scroll of immolation {unknown}
 k - a scroll of fog {unknown}
 m - a scroll of fear {unknown}
Potions
 i - a potion of haste {unknown}
Comestibles
 c - 4 rations


   Skills:
 + Level 3.5 Dodging
 + Level 3.6 Stealth
 + Level 4.0 Spellcasting
 + Level 5.0 Conjurations


You had 8 spell levels left.
You knew the following spells:

 Your Spells              Type           Power        Failure   Level  Hunger
a - Magic Dart            Conj           ####         1%          1    None
b - Searing Ray           Conj           ####..       2%          2    #......

Your spell library contained the following spells:

 Spells                   Type           Power        Failure   Level  Hunger
 Dazzling Flash           Conj/Hex       ##....       13%         3    ###....
 Fulminant Prism          Conj/Hex       ##........   38%         4    ####...
 Iskenderun's Mystic Bla  Conj/Tloc      ##......     38%         4    ####...


Dungeon Overview and Level Annotations

Branches:
Dungeon (3/15)

Altars:


Message History

The orc wizard points at you and mumbles some strange words.
The magic dart hits you! The orc hits you with a +0 flail!
* * * LOW HITPOINT WARNING * * *
There is a stone staircase leading down here.
Casting: Magic Dart (safe; 1% risk of failure)
Confirm with . or Enter, or press ? or * to list all spells.
Aiming: Searing Ray (safe; 2% risk of failure)
Press: ? - help, Shift-Dir - straight line The searing ray hits the orc.
The orc is moderately wounded. (Press . to maintain the ray.)
The orc priest casts a cantrip, but nothing happens.
The searing ray hits the orc.
The orc is heavily wounded.
The orc hits you with a +0 flail.
* * * LOW HITPOINT WARNING * * *
The orc priest calls down the wrath of Beogh upon you.
Beogh smites you!
Ouch! That really hurt!
You die...

....... #######....# .......
#..........# ....... #..........#
....... #..........########
........####.................#
.............o......#........#
..#.......#.........#........#
..# ....o #.#.......#........#
..# .... #...o.@............# #.#
..o #..o..o...#........# ..# ..
#.........#........# ).# .
#.........#........# ..#
#.......[.#........#### ..# .....
#...............##÷.... ..###$⌠o
##........#......##...#.
...#######.........#......##.....
...................#......##.#.##


You could see an orc priest, an orc wizard and 2 orcs.

Vanquished Creatures
  An orc wizard (D:2)
  An adder (D:2)
  2 dart slugs
  5 leopard geckos
  An orc (D:2)
  11 goblins
  5 hobgoblins
  4 jackals (D:2)
  2 ball pythons
  4 bats
  A frilled lizard (D:1)
  A kobold (D:2)
  6 rats
44 creatures vanquished.

Notes
Turn   | Place    | Note
-------+----------+-------------------------------------------
     0 | D:1      | Luthien the Deep Elf Conjurer began the quest for the Orb.
     0 | D:1      | Reached XP level 1. HP: 10/10 MP: 6/6
   310 | D:1      | Reached XP level 2. HP: 15/15 MP: 5/8
   315 | D:1      | Learned a level 2 spell: Searing Ray
   968 | D:2      | Reached XP level 3. HP: 19/19 MP: 5/10
  1454 | D:2      | Reached skill level 5 in Conjurations
  1454 | D:2      | Reached XP level 4. HP: 17/24 MP: 6/12
  1632 | D:2      | Killed from afar by an orc priest

Levels and vault maps discovered:
D:1:      dpeg_arrival_connections, layout_loops_ring, minmay_door_square
D:2:      cheibrodos_pilgrimage, layout_basic, kennysheep_slug_shrine
D:3:      layout_basic, first_ration, uniq_grinder, uniq_purgy

Skill      XL: |  1  2  3 |
---------------+----------+-----
Dodging        | 3 |  3.5
Stealth        | 3 |  3.6
Spellcasting   | 4 |  4.0
Conjurations   | 5 |  5.0

Action                   |  1- 3 |  4- 6 || total
-------------------------+-------+-------++-------
Throw: Dart              |     3 |       ||     3
 Cast: Magic Dart        |    64 |     3 ||    67
       Searing Ray       |    11 |     1 ||    12
  Eat: Chunk             |     2 |       ||     2
Armor: Robe              |     1 |       ||     1
Dodge: Dodged            |    11 |     1 ||    12

Table legend:
 A = Non-vault XP
 B = Vault XP
 C = Vault XP percentage of total XP
 D = Non-vault monster count
 E = Vault monster count
 F = Vault count percentage of total count
                 A         B        C        D         E       F
            +---------+---------+-------+---------+---------+-------
      Total |      88 |      43 |  32.8 |      42 |       2 |   4.5
            +---------+---------+-------+---------+---------+-------
        D:1 |      39 |       0 |   0.0 |      22 |       0 |   0.0
        D:2 |      48 |      43 |  47.3 |      19 |       2 |   9.5
        D:3 |       1 |       0 |   0.0 |       1 |       0 |   0.0
            +---------+---------+-------+---------+---------+-------
